 Dungeon Crawl Stone Soup version 0.31-a0-662-g684573625c (webtiles) character file.

Game seed: 3669899070215173496

7935 olmar the Geomancer (level 11, 0/88 HPs)
             Began as a Gargoyle Earth Elementalist on Aug 31, 2023.
             Was an Initiate of Gozag.
             Slain by a troll (12 damage)
             ... on level 10 of the Dungeon.
             The game lasted 00:15:46 (9835 turns).

olmar the Geomancer (Gargoyle Earth Elementalist)   Turns: 9835, Time: 00:15:47

Health: 0/88       AC: 25    Str: 11    XL:     11   Next: 23%
Magic:  2/34       EV:  2    Int: 21    God:    Gozag
Gold:   953        SH:  0    Dex: 10    Spells: 20/30 levels left

rFire   + . .        B - +6 shillelagh "Devastator" {shatter}
rCold   . . .        (no shield)
rNeg    + . .        C - melded +1 robe {rN+}
rPois   ∞            o - melded +0 helmet
rElec   .            g - melded +0 cloak
rCorr   .            (gloves currently unavailable)
SInv    .            L - melded +0 pair of boots
Will    .....        I - amulet of the acrobat
Stlth   ++           m - ring of protection from fire
HPRegen 0.34/turn    y - ring of magical power
MPRegen 0.24/turn

%: acrobat
@: tree-form, gold aura
A: stationary, stasis, torment immunity, boosted hp, sickness immunity, AC +8,
negative energy resistance 1, (electricity resistance), torment resistance 1,
petrification resistance
a: Renounce Religion, Potion Petition, Call Merchant, Bribe Branch


You were on level 10 of the Dungeon.
You worshipped Gozag.
Gozag was pleased with you.
You were a tree.
You visited 2 branches of the dungeon, and saw 9 of its levels.
You also visited: Ossuary.

You collected 1077 gold pieces.
You paid 124 gold pieces to Gozag.

Inventory:

Hand Weapons
 B - the +6 shillelagh "Devastator" (weapon) {shatter}
   (You found it on level 4 of the Dungeon)
Missiles
 h - 2 atropa-tipped darts
 j - 38 poisoned darts
 s - 10 javelins
 M - a curare-tipped dart
Armour
 a - a +0 robe
 g - a +0 cloak (melded)
 o - a +0 helmet (melded)
 C - a +1 robe of positive energy (melded)
 L - a +0 pair of boots (melded)
Jewellery
 m - a ring of protection from fire (left branch)
 y - a ring of magical power (right branch)
 H - a ring of willpower
 I - an amulet of the acrobat (around neck)
Talismans
 n - a beast talisman
Wands
 t - a wand of digging (6)
 D - a wand of flame (6)
Scrolls
 d - 2 scrolls of fear {unknown}
 f - 5 scrolls of noise
 i - 3 scrolls of amnesia
 k - 2 scrolls of vulnerability
 v - 2 scrolls of acquirement {unknown}
 w - a scroll of blinking
 x - a scroll of enchant weapon
 E - a scroll of fog {unknown}
 K - a scroll of revelation
 N - a scroll of immolation
Potions
 c - 2 potions of enlightenment
 e - 6 potions of might
 l - a potion of resistance
 p - a potion of cancellation
 q - 2 potions of attraction
 r - 4 potions of curing
 A - 2 potions of mutation
 J - a potion of degeneration


   Skills:
 + Level 2.8 Fighting
 - Level 0.1 Maces & Flails
 - Level 1.8 Dodging
 - Level 2.3 Stealth
 + Level 10.2 Spellcasting
 + Level 8.3 Conjurations
 - Level 1.0 Transmutations
 + Level 12.7 Earth Magic


You had 20 spell levels left.
You knew the following spells:

 Your Spells              Type           Power      Damage    Failure   Level
a - Sandblast             Erth           100%       2d20      1%          1
b - Stone Arrow           Conj/Erth      100%       3d13      1%          3
c - Passwall              Tmut/Erth      32%        N/A       1%          2
d - Petrify               Tmut/Erth      39%        N/A       3%          4

Your spell library contained the following spells:

 Spells                   Type           Power      Damage    Failure   Level
 Magic Dart               Conj           100%       1d8       1%          1
 Searing Ray              Conj           90%        2d7       1%          2
 Fulminant Prism          Conj/Hex       14%        3d9       12%         4
 Summon Guardian Golem    Hex/Summ       10%        N/A       19%         3
 Orb of Destruction       Conj           22%        9d8       87%         7
 Spellforged Servitor     Conj/Summ      14%        N/A       100%        7


Dungeon Overview and Level Annotations

Branches:
Dungeon (10/15)            Temple (1/1) D:6         Ossuary (visited)
   Lair: D:8-11         Orc: D:9-12

Altars:
Ashenzari
Cheibriados
Dithmenos
Elyvilon
Fedhas
Gozag
Hepliaklqana
Kikubaaqudgha
Makhleb
Nemelex Xobeh
Okawaru
Qazlal
Ru
Sif Muna
Trog
Uskayaw
Vehumet
Wu Jian
Xom
Yredelemnul
Zin
The Shining One

Shops:
D:3 [

Annotations:
D:3 1 runed translucent door, Crazy Yiuf


Innate Abilities, Weirdness & Mutations

You are a tree.
Your roots penetrate the ground, keeping you stationary.
You cannot be teleported.
You are immune to unholy pain and torment.
Your maximum health is greatly increased.
Your equipment is partially melded.
You are immune to sickness and miasma.
((Your stone body is resilient. (AC +8)))
You are immune to poison.
You resist negative energy. (rN+)
((You are resistant to electric shocks. (rElec)))
You are resistant to unholy torment.
You are immune to petrification.


Message History

Press: ? - help, Q - select action, (/) - cycle Shift-Dir - straight line, f - centaur
Aim: a centaur (87% to hit)
The stone arrow hits the centaur!!
The centaur is almost dead.
The centaur hits you but does no damage.
The centaur kicks you but does no damage.
The troll bites you.
* * * LOW HITPOINT WARNING * * *
The troll claws you!
* * * LOW HITPOINT WARNING * * *
The troll claws you but does no damage.
Aiming: Stone Arrow (safe; 1% risk of failure)
Press: ? - help, Q - select action, (/) - cycle Shift-Dir - straight line, f/p - centaur
Aim: a centaur (almost dead, 87% to hit)
The stone arrow hits the centaur!
You kill the centaur!
The troll bites you but does no damage. The troll claws you but does no damage.
The troll claws you.
* * * LOW HITPOINT WARNING * * *
Aiming: Stone Arrow (safe; 1% risk of failure)
Press: ? - help, Q - select action, (/) - cycle Shift-Dir - straight line, f - troll
Aim: a troll (78% to hit)
The stone arrow hits the troll!!
The troll is heavily wounded.
The troll is distracted by your dazzling golden aura.
Aiming: Stone Arrow (safe; 1% risk of failure)
Press: ? - help, Q - select action, (/) - cycle Shift-Dir - straight line, f/p - troll
Aim: a troll (heavily wounded, unaware, hasn't noticed you, 78% to hit)
The stone arrow misses the troll.
The troll shouts!
Unknown command.
Aiming: Stone Arrow (safe; 1% risk of failure)
Press: ? - help, Q - select action, (/) - cycle Shift-Dir - straight line, f/p - troll
Aim: a troll (heavily wounded, 78% to hit)
The stone arrow hits the troll!
The troll is almost dead.
The troll is no longer distracted by gold.
The troll bites you!
You die...
Your body crumbles into a pile of gold.

.####..##### ..............#
..............#
..............#
..............#
..............##
...............##########.#
...............$......$...#
..............#$♣T..$######
.......#................#
.......##.###########$#.....#
######.#..### #....# ###..
#.#....# #..$... #.#..#.#
#.....gc #.#..#.#####........
#.#.......<#.........
#.#..#.#####........g.


You could see a troll.

Vanquished Creatures
  A centaur warrior (D:9)
  A troll (D:10)
  Sigmund (D:3)
  2 shadows
  6 yaks
  2 wyverns (D:9)
  A steam dragon (D:9)
  3 acid dragons (D:9)
  Duvessa (D:4)
  2 water moccasins (D:9)
  An ice beast (D:6)
  5 orc warriors
  A hornet zombie (Ossuary)
  2 ogres (D:4)
  8 centaurs
  5 kobold brigands
  3 bullfrogs
  7 scorpions
  A gnoll sergeant (D:10)
  A wyvern zombie (Ossuary)
  A water moccasin zombie (Ossuary)
  6 wights
  Dowan (D:4)
  11 killer bees
  3 bullfrog zombies (Ossuary)
  6 centaur zombies (Ossuary)
  3 orc priests
  2 hounds (D:6)
  2 sleepcaps (D:6)
  Jessica (D:3)
  12 mummies (Ossuary)
  2 iguanas
  8 orc wizards
  A killer bee zombie (Ossuary)
  2 howler monkey zombies (Ossuary)
  13 gnolls
  10 adders
  A shadow imp (D:6)
  A white imp (D:5)
  3 worms
  3 dart slugs
  12 orcs
  4 endoplasms
  A giant cockroach (D:2)
  11 goblins
  10 hobgoblins
  25 kobolds
  3 quokkas
  5 ball pythons
  6 bats
  3 frilled lizards
  4 rats
230 creatures vanquished.

Notes
Turn   | Place    | Note
-------+----------+-------------------------------------------
     0 | D:1      | olmar the Gargoyle Earth Elementalist began the quest for
                  | the Orb.
     0 | D:1      | Reached XP level 1. HP: 10/10 MP: 3/3
   144 | D:1      | Reached XP level 2. HP: 15/15 MP: 1/5
   153 | D:1      | Reached skill level 4 in Earth Magic
   623 | D:1      | Reached XP level 3. HP: 19/19 MP: 5/7
  1217 | D:2      | Reached XP level 4. HP: 24/24 MP: 4/8
  1219 | D:2      | Reached skill level 5 in Earth Magic
  1377 | D:2      | Found a faded altar of an unknown god.
  1400 | D:2      | Prayed at the altar of an unknown god.
  1400 | D:2      | Became a worshipper of Ashenzari the Shackled
  1401 | D:2      | Fell from the grace of Ashenzari
  1925 | D:2      | Reached XP level 5. HP: 28/28 MP: 8/10
  2288 | D:3      | Found a snail-covered altar of Cheibriados.
  2659 | D:3      | Learned a level 3 spell: Stone Arrow
  2811 | D:3      | Found a runed translucent door.
  2812 | D:3      | Noticed Crazy Yiuf
  2937 | D:3      | Noticed Sigmund
  3071 | D:2      | Learned a level 2 spell: Passwall
  3502 | D:4      | Was forgiven by Ashenzari
  3502 | D:4      | Reached skill level 6 in Earth Magic
  3502 | D:4      | Reached XP level 6. HP: 18/32 MP: 8/12
  3614 | D:4      | Found a sand-covered staircase.
  3624 | Ossuary  | Entered an ossuary
  3648 | Ossuary  | Reached skill level 1 in Conjurations
  3703 | Ossuary  | Reached XP level 7. HP: 36/36 MP: 1/13
  3805 | Ossuary  | Reached skill level 7 in Earth Magic
  3863 | Ossuary  | Reached skill level 5 in Spellcasting
  4047 | Ossuary  | Reached XP level 8. HP: 41/41 MP: 14/16
  4246 | Ossuary  | Learned a level 4 spell: Petrify
  4618 | D:4      | Found the +6 shillelagh "Devastator" {shatter}
  4804 | D:4      | Noticed Dowan
  4806 | D:4      | Killed Dowan
  4811 | D:4      | Noticed Duvessa
  4818 | D:4      | Reached skill level 8 in Earth Magic
  5347 | D:3      | Killed Sigmund
  5348 | D:3      | Reached skill level 1 in Transmutations
  5440 | D:3      | Found Syel's Armour Shop.
  5449 | D:3      | Noticed Jessica
  5451 | D:3      | Killed Jessica
  5486 | D:3      | Found a white marble altar of Elyvilon.
  5496 | D:3      | Found a shimmering altar of Xom.
  5800 | D:4      | Killed Duvessa
  5961 | D:5      | Entered Level 5 of the Dungeon
  6026 | D:5      | Reached skill level 9 in Earth Magic
  6026 | D:5      | Reached XP level 9. HP: 40/46 MP: 19/19
  6194 | D:5      | Reached skill level 1 in Fighting
  7152 | D:6      | Reached skill level 5 in Conjurations
  7156 | D:6      | Reached skill level 10 in Earth Magic
  7292 | D:6      | Found a staircase to the Ecumenical Temple.
  7317 | Temple   | Entered the Ecumenical Temple
  7326 | Temple   | Became a worshipper of Gozag Ym Sagoz the Greedy
  7751 | D:6      | You fall into a shaft and drop 3 floors!
  7969 | D:9      | Reached XP level 10. HP: 25/52 MP: 20/22
  8135 | D:9      | Reached skill level 11 in Earth Magic
  8670 | D:9      | Noticed a centaur warrior
  8679 | D:9      | Killed a centaur warrior
  8821 | D:9      | Reached skill level 12 in Earth Magic
  9188 | D:9      | Found a hide-covered altar of Uskayaw.
  9600 | D:10     | Entered Level 10 of the Dungeon
  9624 | D:10     | Reached XP level 11. HP: 59/59 MP: 21/24
  9634 | D:10     | Reached skill level 10 in Spellcasting
  9835 | D:10     | Slain by a troll

Illustrated notes

Levels and vault maps discovered:
D:1:      evilmike_arrival_rings, layout_loops_cross
D:2:      layout_loops_corners, basic_ecumenical_altar, minmay_split_cup_small
D:3:      layout_basic, cheibriados_altar_1, amethyst_overflow_temple_binary,
          serial_shops, shop, uniq_sigmund, uniq_crazy_yiuf_cottage,
          uniq_jessica
D:4:      layout_basic, nicolae_ossuary_entry_ruins,
          dilly_guarded_unrand_devastator, uniq_duvessa
D:5:      layout_loops_ring, minmay_liquid_box, minmay_pentangle
D:6:      layout_basic, lemuel_crystal_altar,
          minmay_temple_entry_statues_fountains, eino_tiny_chamber, st_stairs_4
D:9:      minmay_four_partial_circles, layout_basic, minmay_ruined_shrine
D:10:     layout_basic, kennysheep_decorative_pillar, kennysheep_potato
Temple:   regret_index_temple_chain_breaker

Skill      XL: |  1  2  3  4  5  6  7  8  9 10 11 |
---------------+----------------------------------+-----
Earth Magic    | 4 5 6 7 9 10 12 | 12.7
Spellcasting   | 3 4 5 6 8 9 10 | 10.2
Conjurations   | 1 3 4 5 7 8 |  8.3
Transmutations | 1 |  1.0
Fighting       | 1 2 |  2.8
Maces & Flails | |  0.1
Dodging        | |  1.8
Stealth        | |  2.3

Action                     |  1- 3 |  4- 6 |  7- 9 | 10-12 || total
---------------------------+-------+-------+-------+-------++-------
  Melee: Unarmed           |    11 |     5 |       |       ||    16
         Shillelagh        |       |       |    14 |    71 ||    85
         Punch             |       |       |       |     1 ||     1
   Cast: Sandblast         |    42 |   102 |    79 |       ||   223
         Stone Arrow       |       |       |    70 |    89 ||   159
         Petrify           |       |       |     2 |     3 ||     5
         Passwall          |       |       |     1 |       ||     1
 Invoke: Renounce Religion |       |     1 |       |       ||     1
    Use: Scroll            |     1 |    11 |     8 |     5 ||    25
         Potion            |       |     1 |     4 |     4 ||     9
   Stab: Petrified         |       |       |     1 |     3 ||     4
         Distracted        |       |       |       |     1 ||     1
 Armour: Robe              |     8 |    61 |    82 |    86 ||   237
         Skin              |       |       |       |    19 ||    19
  Dodge: Dodged            |    12 |    38 |   114 |    98 ||   262

Table legend: (Time is in decaauts)
 A = Elapsed time spent in this place.
 B = Non-inter-level travel time spent in this place.
 C = Inter-level travel time spent in this place.
 D = Time resting spent in this place.
 E = Time spent auto-exploring this place.
 F = Levels seen in this place.
 G = Mean time per level.
                   A        B        C        D        E       F      G
               +--------+--------+--------+--------+--------+-----+--------+
         Total |   9992 |   9537 |    455 |   1844 |   6193 |  10 |  999.2 |
       Dungeon |   8985 |   8547 |    438 |   1310 |   5910 |   8 | 1123.1 |
        Temple |     18 |      1 |     17 |      0 |      0 |   1 |   18.0 |
       Ossuary |    988 |    988 |      0 |    533 |    283 |   1 |  988.0 |
               +--------+--------+--------+--------+--------+-----+--------+

Top non-repeatable levels by time:
     D:9: 1866 daAuts
     D:2: 1642 daAuts
     D:3: 1225 daAuts
     D:4: 1209 daAuts
     D:1: 1015 daAuts
     D:5: 995 daAuts
 Ossuary: 988 daAuts
     D:6: 790 daAuts
    D:10: 238 daAuts
  Temple: 18 daAuts
